Cogmind - Beta 9.6 @@@ ROGUE MODE // 2020.05.18 @ 12:00:23 Player: RNGesus Result: Self-destructed Performance ------------- Evolutions (2) 1000 Regions Visited (3) 600 Robots Destroyed (7) 35 Value Destroyed (183) 183 Prototype IDs (0) 0 Alien Tech Used (0) 0 Bonus (0) 0 TOTAL SCORE: 1818 Bonus ------- None Cogmind --------- Core Integrity 442/550 Matter 273/300 Energy 100/100 System Corruption 0% Temperature Cool (9) Movement Core (50) Location -8/Materials Parts ------- > --- POWER (1) -------- (None) > --- PROPULSION (3) --- (None) > --- UTILITY (5) ------ Signal Interpreter > --- WEAPON (2) ------- (None) > --- INVENTORY (4) ---- Flight Unit Improved Terrain Scanner Grenade Launcher Grenade Launcher Peak State ------------ > --- POWER ------------ (None) > --- PROPULSION ------- (None) > --- UTILITY ---------- Signal Interpreter Hacking Suite System Shield > --- WEAPON ----------- Autogun > --- INVENTORY -------- Flight Unit Grenade Launcher Grenade Launcher [Rating: 9] Favorites ----------- Power Ion Engine Engine Ion Engine Propulsion Aluminum Leg Leg Aluminum Leg Utility Signal Interpreter Device Improved Terrain Scanner Storage Small Storage Unit Processor Signal Interpreter Hackware Hacking Suite Weapon EM Pulse Gun Energy Gun EM Pulse Gun Ballistic Gun Light Assault Rifle Build | -11 -10 -9 -8 ------- Run | Scr Mat Mat Mat Slots Evolved 4 | . . 2 2 Power . | . . . . Propulsion 1 | . . . 1 Utility 3 | . . 2 1 Weapon . | . . . . Parts Attached 17 | 6 6 1 4 Power 3 | 1 2 . . Engine 3 | 1 2 . . Core . | . . . . Reactor . | . . . . Propulsion 2 | 2 . . . Treads . | . . . . Leg 2 | 2 . . . Wheel . | . . . . Hover . | . . . . Flight . | . . . . Utility 5 | 1 1 . 3 Device 1 | . . . 1 Storage 1 | 1 . . . Processor 1 | . 1 . . Hackware 2 | . . . 2 Protection . | . . . . Artifact . | . . . . Weapon 7 | 2 3 1 1 Energy Gun 5 | 1 3 1 . Energy Cannon . | . . . . Ballistic Gun 2 | 1 . . 1 Ballistic Cannon . | . . . . Launcher . | . . . . Special Weapon . | . . . . Impact Weapon . | . . . . Slashing Weapon . | . . . . Piercing Weapon . | . . . . Special Melee Weapon . | . . . . Unidentified Prototypes . | . . . . Parts Lost 6 | . . 3 3 Power . | . . . . Propulsion 2 | . . 2 . Utility 2 | . . . 2 Weapon 2 | . . 1 1 Highest Loss Streak 3 | . . 3 3 Average Slot Usage (%) 52 | . 66 39 25 Engine 3 | . 5 . . Leg 20 | . 28 18 . Storage 1 | . 2 . . Processor 10 | . 11 11 9 Hackware 1 | . . . 7 Energy Gun 11 | . 16 9 . Ballistic Gun 2 | . 2 . 7 Naked Turns . | . . . . Heaviest Build 12 | 12 12 2 4 Greatest Support 20 | 20 20 3 3 Greatest Overweight (x) 2 | . 2 . 1 Average Overweight (x) . | . . . . Largest Inventory Capacity 6 | 6 6 4 4 Average Capacity 4 | 5 4 4 4 Most Carried 4 | 2 4 4 4 Average Carried 2 | . 2 3 3 Final Capacity 6 | 6 4 4 4 Final Carried 4 | 2 3 4 4 Class Distribution -------------------- 100% | Mutant Dominant Class ---------------- Mutant | -10/Materials Mutant | -9/Materials Mutant | -8/Materials Resources | -11 -10 -9 -8 ----------- Run | Scr Mat Mat Mat Matter Collected 330 | 137 183 . 10 Remotely . | . . . . Salvage Created 290 | . 280 . 10 Parts 19 | . 15 . 4 Haulers Intercepted 1 | . 1 . . Recyclers Shooed . | . . . . Parts Field Recycled . | . . . . Retrieved Matter . | . . . . Parts Self-Destructed . | . . . . Prevented . | . . . . Kills | -11 -10 -9 -8 ------- Run | Scr Mat Mat Mat Combat Hostiles Destroyed 4 | . 4 . . Guns 3 | . 3 . . AOE 1 | . 1 . . Classes Destroyed 3 | . 3 . . Hauler 1 | . 1 . . Operator 2 | . 1 . 1 Grunt 4 | . 4 . . Best Kill Streak 2 | . 2 . 1 Combat Bots Only 2 | . 2 . . Max Kills in Single Turn 1 | . 1 . 1 Gunslinging . | . . . . Exploded 1 | . 1 . . Melee . | . . . . Uniques/NPCs Destroyed . | . . . . Combat | -11 -10 -9 -8 -------- Run | Scr Mat Mat Mat Damage Taken 712 | . 256 198 258 Core 264 | . 75 81 108 Absorbed by Shields . | . . . . Core Remaining (%) 83 | 100 70 79 . Volleys Fired 28 | . 25 . 3 Largest 2 | . 2 . 1 Hottest 80 | . 80 . 23 Shots Fired 44 | . 41 . 3 Gun 44 | . 41 . 3 Cannon . | . . . . Launcher . | . . . . Special . | . . . . Kinetic 3 | . . . 3 Thermal . | . . . . Explosive . | . . . . Electromagnetic 41 | . 41 . . Robot Hit Streak 10 | . 8 . 10 Robot Miss Streak 2 | . 2 . 1 Penetration Max . | . . . . Secondary Targets 1 | . 1 . . Max Gunslinging Chain 1 | . 1 . . Shots Hit Robots 28 | . 26 . 2 Core Hits 13 | . 12 . 1 Critical Hits . | . . . . Critical Kills . | . . . . Critical Parts Destroyed . | . . . . Melee Attacks . | . . . . Impact . | . . . . Slashing . | . . . . Piercing . | . . . . Sneak Attacks . | . . . . Combat Hostiles . | . . . . Follow-up Attacks . | . . . . Damage Inflicted 447 | . 416 . 31 Guns 384 | . 353 . 31 Cannons . | . . . . Explosions 63 | . 63 . . Melee . | . . . . Ramming . | . . . . Kinetic 31 | . . . 31 Thermal 63 | . 63 . . Explosive . | . . . . Electromagnetic 353 | . 353 . . Impact . | . . . . Slashing . | . . . . Piercing . | . . . . Highest Corruption . | . . . . Average Corruption . | . . . . Corruption Purged . | . . . . Overload Shots . | . . . . Overflow Damage . | . . . . Projectiles . | . . . . Explosions . | . . . . Melee . | . . . . Knockbacks . | . . . . Impact . | . . . . Kinetic . | . . . . Secondary . | . . . . Self-Inflicted Damage . | . . . . Shots . | . . . . Rammed 1 | . . 1 . Targets Rammed 1 | . . 1 . Kicked . | . . . . Crushed . | . . . . Highest Temperature 102 | . 102 . . Average Temperature 38 | . 38 . . Received Heat Transfer 378 | . 141 84 153 Siege Activations . | . . . . Robots Corrupted . | . . . . Combat Hostiles . | . . . . Parts Fried 2 | . 2 . . Impact Corruptions . | . . . . Robots Melted . | . . . . Combat Hostiles . | . . . . Parts Melted . | . . . . Heat Transferred . | . . . . Parts Sabotaged . | . . . . Parts Stolen . | . . . . Parts Stripped . | . . . . Power Chain Reactions 1 | . 1 . . Missiles Intercepted . | . . . . Alert | -11 -10 -9 -8 ------- Run | Scr Mat Mat Mat Peak Influence 165 | . 165 134 83 Average Influence 64 | . 60 103 73 Maximum Alert Level . | . . . . Low Security (%) 100 | 100 100 100 100 Level 1 . | . . . . Level 2 . | . . . . Level 3 . | . . . . Level 4 . | . . . . Level 5 . | . . . . High Security . | . . . . Max Security . | . . . . Squads Dispatched 4 | . 2 1 1 Investigation 2 | . 1 1 . Extermination . | . . . . Reinforcement 2 | . 1 . 1 Assault . | . . . . Garrison . | . . . . Intercept . | . . . . Construction Impeded . | . . . . Haulers Reinforced . | . . . . Stealth | -11 -10 -9 -8 --------- Run | Scr Mat Mat Mat Distress Signals 2 | . 1 . 1 Communications Jammed . | . . . . Distress Signals . | . . . . Times Spotted 26 | . 11 8 7 Peak Tracking Total 9 | . 5 9 6 Tactical Retreats 2 | . 1 1 . Traps | -11 -10 -9 -8 ------- Run | Scr Mat Mat Mat Traps Triggered 1 | . 1 . . Indirectly . | . . . . Trap Hack Attempts . | . . . . Triggered . | . . . . Disarmed . | . . . . Reprogrammed . | . . . . Reused . | . . . . Traps Extracted . | . . . . Installed . | . . . . Triggered . | . . . . Machines | -11 -10 -9 -8 ---------- Run | Scr Mat Mat Mat Machines Disabled . | . . . . Max in Single Turn . | . . . . Machines Sabotaged . | . . . . Garrisons Compromised . | . . . . Overloaded Fab Kills . | . . . . Fab Network Shutdowns . | . . . . Hacking | -11 -10 -9 -8 --------- Run | Scr Mat Mat Mat Machines Accessed 4 | . 1 3 . Terminals 4 | . 1 3 . Fabricators . | . . . . Repair Stations . | . . . . Recycling Units . | . . . . Scanalyzers . | . . . . Garrison Access . | . . . . Total Hacks 16 | . 8 8 . Successful 5 | . 2 3 . Failed 11 | . 6 5 . Catastrophic 1 | . . 1 . Database Lockouts . | . . . . Manual 9 | . 6 3 . Terminals 16 | . 8 8 . Fabricators . | . . . . Repair Stations . | . . . . Recycling Units . | . . . . Scanalyzers . | . . . . Garrison Access . | . . . . Terminal Hacks 3 | . 1 2 . Level Access Points 2 | . 1 1 . Hauler Manifests 1 | . . 1 . Fabricator Hacks . | . . . . Repair Station Hacks . | . . . . Recycling Unit Hacks . | . . . . Scanalyzer . | . . . . Garrison Access Hacks . | . . . . Unauthorized Hacks 2 | . 1 1 . Terminals 2 | . 1 1 . Operators 2 | . 1 1 . Fabricators . | . . . . Repair Stations . | . . . . Recycling Units . | . . . . Scanalyzers . | . . . . Garrison Access . | . . . . Data Cores Recovered . | . . . . Used . | . . . . Hacking Detections 3 | . 1 2 . Full Trace Events 1 | . . 1 . Feedback Events . | . . . . Feedback Blocked . | . . . . Robot Schematics Acquired . | . . . . Robots Built . | . . . . Matter . | . . . . Time . | . . . . Total Robot Build Rating . | . . . . Part Schematics Acquired . | . . . . Parts Built . | . . . . Matter . | . . . . Time . | . . . . Total Part Build Rating . | . . . . Parts Repaired . | . . . . Time . | . . . . Parts Recycled . | . . . . Recycled Matter . | . . . . Retrieved Matter . | . . . . Retrieved Components . | . . . . Parts Scanalyzed . | . . . . Part Schematics Acquired . | . . . . Parts Damaged . | . . . . Bothacking | -11 -10 -9 -8 ------------ Run | Scr Mat Mat Mat Used RIF Installer . | . . . . Robots Hacked . | . . . . Non-combat . | . . . . Combat . | . . . . Robot Hacks Applied . | . . . . Relay Couplers Released . | . . . . Robots Rewired . | . . . . Allies Hacked . | . . . . Hacks Repelled . | . . . . Allies | -11 -10 -9 -8 -------- Run | Scr Mat Mat Mat Total Allies . | . . . . Largest Group . | . . . . Highest-Rated Group . | . . . . Highest-Rated Ally . | . . . . Total Orders . | . . . . Ally Attacks . | . . . . Total Damage . | . . . . Kills . | . . . . Allies Corrupted . | . . . . Allies Melted . | . . . . Intel | -11 -10 -9 -8 ------- Run | Scr Mat Mat Mat Robot Analysis Total . | . . . . Derelict Logs Recovered . | . . . . Drone Launches . | . . . . Drone Recoveries . | . . . . Exploration | -11 -10 -9 -8 ------------- Run | Scr Mat Mat Mat Turns Passed 417 | 58 201 98 60 Spaces Moved 482 | 40 190 184 68 Core 421 | 3 166 184 68 Treads . | . . . . Legs 61 | 37 24 . . Wheels . | . . . . Hover . | . . . . Flight . | . . . . Fastest Speed 50 | 50 50 50 50 Average Speed 61 | 114 62 50 58 Slowest Speed 150 | 120 150 50 100 Overloaded Moves . | . . . . Propulsion Burnouts . | . . . . Robots Hopped . | . . . . Cave-ins Triggered . | . . . . Exploration Rate (%) 21 | 4 42 27 11 Regions Visited 3 Branch Regions . Pre-discovered Areas . | . . . . Known Exits Taken 2 | . 1 1 . Unknown Exits Taken 1 | 1 . . . Scrap Searched . | . . . . Spaces Dug . | . . . . Terrain Destroyed 5 | . 5 . . Melee . | . . . . Projectile . | . . . . AOE 5 | . 5 . . Actions | -11 -10 -9 -8 --------- Run | Scr Mat Mat Mat Total 557 | 49 234 190 84 Wait 14 | 2 4 . 8 Move 479 | 39 189 183 68 Hop . | . . . . Pick Up 6 | 2 1 3 . Fast Attach 10 | 6 1 . 3 Attach 7 | . 5 1 1 Detach 7 | . 6 . 1 Swap . | . . . . Drop 5 | . 3 2 . Fire 28 | . 25 . 3 Melee . | . . . . Ram 1 | . . 1 . Kick . | . . . . Crush . | . . . . Escape Stasis . | . . . . Rewire . | . . . . Trap . | . . . . Miscellaneous . | . . . . Route ------- -11/Scrapyard -10/Materials (discovered 3 exits: *Mat x3) -9/Materials (discovered 3 exits: *Mat x3) -8/Materials History --------- Turn | Location | Event 6 | -11/Scrapyard | Discovered new exit (range 16) 59 | -11/Scrapyard | Entered Materials 129 | -10/Materials | Identified exit to Materials 260 | -10/Materials | Entered another Materials area 260 | -9/Materials | Evolved 2 slots: Utility x2 304 | -9/Materials | Build established: Mutant 316 | -9/Materials | Identified exit to Materials 358 | -9/Materials | Entered another Materials area 358 | -8/Materials | Evolved 2 slots: Propulsion x1, Utility x1 385 | -8/Materials | Lost 3 parts (2n1w) 418 | -8/Materials | Self-destructed Last Messages --------------- 00354_ EM Pulse Gun destroyed. 00355_ Slammed into W-16 Scout. PARAMETERS=PROPULSION_1,UTILITY_1 LOCATION=MATERIALS GOAL=ESCAPE 00362_ O-16 Technician: "IFF HANDSHAKE FAILED. SECURING TERMINAL." 00362_ O-16 Technician uses terminal to summon reinforcements. 00362_ ALERT: Hostiles spotted, dispatching reinforcements to Terminal M011. 00362_ O-16 Technician locks terminal. 00364_ O-16 Technician destroyed. 00367_ Acquired Hacking Suite. 00369_ Acquired 10 matter. 00372_ W-25 Informer sends out distress signal. 00398_ Acquired System Shield. 00401_ System Shield destroyed. 00401_ Acquired Imp. Terrain Scanner. 00402_ Material Compactor disabled. 00407_ Hacking Suite destroyed. 00418_ Autogun destroyed. Map ----- +----------------------------------------------------+ | ?????????????????????????????????????????????????? | | ?????????????????????????????????????????????????? | | ?????????????????????????????????????????????????? | | ?????????????????????????????????????????????????? | | ?????????????????????????????????????????????????? | | ?????????????????????????????????????????????????? | | ?????????????????????????????????????????????????? | | ?????????????????????????????????????????????????? | | ?????????????????????????????????????????????????? | | ?????????????????????????????????????????????????? | | ?????????????????????????????????????????????????? | | ?????????????????????????????????????????????????? | | ?????????????????????????????????????????????????? | | ????????????????????????????????]????????????????? | | ??????????????????????????????? ????????????????? | | ??????????????????#######+#####/#????????????????? | | ??????????????????# g ????????????????? | | ???????????????#??# ????????????????? | | ??????????????????# ?????????????????? | | ??????????????????# ?????????????????? | | ??????????????????# #????????????????? | | ??????????????????# ag""" ###??????????????? | | ??????????????????# "T"a """ ######?????????? | | ??????????????????# """ """ ??????????? | | ??????????????????# #??????????????? | | ??????????????????# g @ #??????????????? | | ????????????#?????## ###########???????????????? | | ????????????######## #############?????????????? | | ????????????# # # #?????????????? | | ????????????# "S # # """ #?????????????? | | ????????????# """ # # """"" #?????????????? | | ????????????# "" # # """"" #?????????????? | | ????????????# # # """"" #?????????????? | | ????????????# + / "" #?????????????? | | ????????????# # # #?????????????? | | ????????????# """ # ########+#######??????????? | | ????????????# """ # #?????# #??????????? | | ????????????# """ # ####### +??????????? | | ????????????# # # # #??????????? | | ????????????# # #=== # ##+###??????????? | | ????????????#?###### #== # #???????????????? | | ???????????????????# #== # #???????????????? | | ????????????????? ?# # + #???????????????? | | ???????????????????# + # #???????????????? | | ???????????????????# # # #???????????????? | | ???????????????????# ####### #???????????????? | | ???????????????????# = #???????????????? | | ???????????????????+ =/ #???????????????? | | ???????????????????# #???????????????? | | ???????????????????# #T## #???????????????? | +----------------------------------------------------+ Best States ------------- Heat Dissipation 31 Energy Generation 10 Energy Capacity 250 Matter Stores 300 Matter Capacity 300 Sight Range 16 Terrain Scan Range 16 Terrain Scan Density 10 Evasion (%) 50 Offensive Hacking 10 Defensive Hacking 10 Item Schematics ----------------- None Robot Schematics ------------------ None Fabricated ------------ Nothing Alien Tech Used ----------------- None Achievements -------------- None Challenges ------------ None Game ------ Seed BeamMetafiberThruster Manual? 0 Play Time 00:07:56 Cumulative 229.5 hours Start 2020.05.18 @ 11:52:48 End 2020.05.18 @ 12:00:23 Sessions 1 Manual Loads 0 Difficulty Rogue Special Mode None Game No. 362 Rogue 362 Adventurer 0 Explorer 0 Win Type - Total 5 Types 3/0/1/1/0/0/0 Lore% 78 Gallery% 79 Achievement% 60 Wizard Run 0 Options --------- ASCII 0 Keyboard 1 Movement Numpad Keybinds 0 Fullscreen 2 Font 18/X11Bold Map View 76x50 Tactical HUD 1 Map Filters NONE Filters NONE Steam 1 RUN: a17efd92-34d7-4986-8f95-cccc7bdf9922